 Dungeon Crawl Stone Soup version 0.31.0-9-g3a7656b989 (webtiles) character file.

Game seed: 16593102069977564289

73 qw the Shooter (level 4, 0/22 HPs)
             Began as a Spriggan Hunter on Feb 2, 2024.
             Slain by a cerulean imp
             ... wielding a +2 spear
             ... summoned by Natasha
              (6 damage)
             ... on level 2 of the Dungeon.
             The game lasted 00:00:04 (1330 turns).

qw the Shooter (Spriggan Hunter)                    Turns: 1330, Time: 00:00:04

Health: 0/22       AC:  3    Str:  7    XL:     4   Next: 8%
Magic:  5/5        EV: 19    Int: 10    God:
Gold:   123        SH:  0    Dex: 20    Spells: 3/3 levels left

rFire   . . .        a - +1 shortbow
rCold   . . .        (shield currently unavailable)
rNeg    . . .        c - +0 robe
rPois   .            i - +1 hat
rElec   .            (no cloak)
rCorr   .            (gloves unavailable)
SInv    +            (boots unavailable)
Will    .....        (no amulet)
Stlth   ++           (no ring)
HPRegen 0.23/turn    (no ring)
MPRegen 0.09/turn

%: no passive effects
@: very quick
A: very small, no large weapons, unfitting armour, see invisible, speed 3
a: no special abilities


You were on level 2 of the Dungeon.
You visited 1 branch of the dungeon, and saw 2 of its levels.

You collected 123 gold pieces.


Innate Abilities, Weirdness & Mutations

You are very small and have problems with some larger weapons.
You are too small for most types of armour.
You have supernaturally acute eyesight. (SInv)
You cover ground extremely quickly. (Speed+++)


   Skills:
 - Level 1.5 Fighting
 - Level 5.0 Ranged Weapons
 + Level 4.3 Dodging
 - Level 1.5 Stealth


You had 3 spell levels left.
You didn't know any spells.
Your spell library was empty.

Inventory:

Hand Weapons
 a - a +1 shortbow (weapon)
Armour
 c - a +0 robe (worn)
 i - a +1 hat (worn)
Scrolls
 h - a scroll of noise {unknown}
 l - 2 scrolls of blinking {unknown}
 m - 2 scrolls of identify
Potions
 b - a potion of mutation {unknown}
 d - a potion of enlightenment
 e - 2 potions of heal wounds
 f - 2 potions of cancellation {unknown}
 g - a potion of curing
 j - a potion of magic {unknown}
 k - a potion of invisibility {unknown}

Dungeon Overview and Level Annotations

Branches:
Dungeon (2/15)

Altars:

Annotations:
D:2 Natasha


Message History

Natasha, Servant of Life and Death comes into view.
She is carrying a wand of polymorph.
Natasha hisses angrily.
You shoot an arrow.
The arrow hits Natasha but does no damage.
Natasha stares at you and mumbles some strange words.
The magic dart hits you!
1312 ||| FLEEEEING.
1313 ||| FLEEEEING.
1314 ||| FLEEEEING.
1315 ||| FLEEEEING.
Natasha zaps a wand.
You easily resist.
1316 ||| FLEEEEING.
1317 ||| FLEEEEING.
1318 ||| FLEEEEING.
1319 ||| FLEEEEING.
You start resting.
Natasha is nearby!
1321 ||| FLEEEEING.
You start resting.
Natasha is nearby!
You shoot an arrow. The arrow closely misses Natasha.
Natasha zaps a wand.
You easily resist.
You shoot an arrow. The arrow hits Natasha.
Natasha is moderately wounded.
Natasha barely misses you.
You shoot an arrow.
The arrow hits Natasha but does no damage.
Natasha is moderately wounded.
Natasha howls an incantation.
You feel troubled.
Natasha casts a spell.
You shoot an arrow. The arrow closely misses Natasha.
Natasha casts a spell at you. The magic dart hits you!
The cerulean imp barely misses you.
You shoot an arrow. The arrow barely misses Natasha.
Natasha mumbles some strange words.
Natasha glows brightly for a moment.
Natasha completely misses you.
The cerulean imp hits you from afar with a +2 spear.
You die...

.......## #.#
#.....## #.#
##...## #.# #+##
##.# # #..# #.
#.## ##.# #.#
....# #.#
..<..#### #@#
#.......#######h#
##.##....h....5.#
....(...#########
......### ######


You could see Natasha and a cerulean imp (summoned).

Vanquished Creatures
  Robin (D:2)
  A gnoll (D:1)
  An adder (D:2)
  4 endoplasms (D:1)
  2 giant cockroaches (D:2)
  13 goblins
  6 hobgoblins
  A quokka (D:1)
  3 ball pythons (D:1)
  A bat (D:2)
  2 frilled lizards
  5 kobolds (D:1)
  A rat (D:1)
41 creatures vanquished.

Notes
Turn   | Place    | Note
-------+----------+-------------------------------------------
     0 | D:1      | qw the Spriggan Hunter began the quest for the Orb.
     0 | D:1      | Reached XP level 1. HP: 10/10 MP: 2/2
     0 | D:1      | 0 ||| qw: Version: 0.3-a-155-g5e7d8dd
     0 | D:1      | 0 ||| qw: Game counter: 2712
     0 | D:1      | 0 ||| qw: Melee chars always use a shield: true
     0 | D:1      | 0 ||| qw: God list: Okawaru
     0 | D:1      | 0 ||| qw: Allow faded altars: false
     0 | D:1      | 0 ||| qw: Do Orc after clearing Dungeon:15 true
     0 | D:1      | 0 ||| qw: Do second Lair branch before Depths: true
     0 | D:1      | 0 ||| qw: Lair rune preference: random
     0 | D:1      | 0 ||| qw: Goals: Normal
     0 | D:1      | 0 ||| PLANNING D:1-11
    38 | D:1      | Reached skill level 3 in Dodging
    38 | D:1      | Reached XP level 2. HP: 13/14 MP: 3/3
   402 | D:1      | Reached XP level 3. HP: 18/18 MP: 4/4
   642 | D:1      | 642 ||| UPGRADING to +1 hat.
   647 | D:1      | 647 ||| READING 2 scrolls labelled ZINKAI KIN DOU.
   647 | D:1      | 647 ||| IDENTIFYING fizzy purple potion
   648 | D:1      | 648 ||| READING scroll of identify.
   648 | D:1      | 648 ||| IDENTIFYING red potion
   649 | D:1      | 649 ||| READING scroll labelled QIDUEX GUIMI.
   650 | D:1      | 650 ||| READING scroll labelled NEGYGH EBLUUSE.
   650 | D:1      | 650 ||| ENCHANTING +0 shortbow.
   651 | D:1      | 651 ||| DRINKING 2 dark potions.
   652 | D:1      | 652 ||| DROPPING scroll of butterflies.
   815 | D:2      | Noticed Robin
   835 | D:2      | Killed Robin
   836 | D:2      | Reached skill level 5 in Ranged Weapons
  1194 | D:2      | Reached XP level 4. HP: 22/22 MP: 5/5
  1310 | D:2      | Noticed Natasha
  1312 | D:2      | 1312 ||| FLEEEEING.
  1313 | D:2      | 1313 ||| FLEEEEING.
  1314 | D:2      | 1314 ||| FLEEEEING.
  1315 | D:2      | 1315 ||| FLEEEEING.
  1316 | D:2      | 1316 ||| FLEEEEING.
  1317 | D:2      | 1317 ||| FLEEEEING.
  1318 | D:2      | 1318 ||| FLEEEEING.
  1319 | D:2      | 1319 ||| FLEEEEING.
  1321 | D:2      | 1321 ||| FLEEEEING.
  1330 | D:2      | Slain by a cerulean imp

Levels and vault maps discovered:
D:1:      minmay_arrival_nine_rooms, layout_rooms, serial_forest,
          infiniplex_forest_lined_room_2, infiniplex_forest_pool,
          infiniplex_forest_straight_3, infiniplex_forest_lined_room_,
          infiniplex_forest_straight_1, infiniplex_forest_zigzag_1,
          infiniplex_forest_clump_curved, infiniplex_forest_lined_room_2
D:2:      layout_loops_corners, uniq_robin, uniq_natasha

Skill      XL: |  1  2  3 |
---------------+----------+-----
Dodging        | 3 4 |  4.3
Ranged Weapons | 5 |  5.0
Fighting       | |  1.5
Stealth        | |  1.5

Action                     |  1- 3 |  4- 6 || total
---------------------------+-------+-------++-------
   Fire: Shortbow          |   110 |     7 ||   117
    Use: Scroll            |     4 |       ||     4
         Potion            |     1 |       ||     1
 Armour: Robe              |    10 |     3 ||    13
  Dodge: Dodged            |    48 |     3 ||    51

Table legend:
 A = Non-vault XP
 B = Vault XP
 C = Vault XP percentage of total XP
 D = Non-vault monster count
 E = Vault monster count
 F = Vault count percentage of total count
                 A         B        C        D         E       F
            +---------+---------+-------+---------+---------+-------
      Total |      67 |      38 |  36.2 |      28 |      13 |  31.7
            +---------+---------+-------+---------+---------+-------
        D:1 |      45 |       0 |   0.0 |      21 |       0 |   0.0
        D:2 |      22 |      38 |  63.3 |       7 |      13 |  65.0
            +---------+---------+-------+---------+---------+-------
